 Dungeon Crawl Stone Soup version 0.28-a0-1236-gb25a51b929 (webtiles) character file.

Game seed: 5176227746708222292

211 quinnr the Gusty (level 5, -6/31 (32) HPs)
             Began as a Tengu Air Elementalist on Dec 26, 2021.
             Mangled by a wight (8 damage)
             ... on level 4 of the Dungeon.
             The game lasted 00:08:46 (4734 turns).

quinnr the Gusty (Tengu Air Elementalist)           Turns: 4734, Time: 00:08:47

HP:   -6/31 (32)    AC:  3    Str:  8    XL:     5   Next: 88%
MP:   5/10          EV: 15    Int: 18    God:
Gold: 47            SH:  0    Dex: 14    Spells: 3/10 levels left

rFire   . . .      SeeInvis .   r - +2 dagger (venom)
rCold   . . .      Faith    .   (no shield)
rNeg    . . .      Spirit   .   a - +0 robe
rPois   .          Reflect  .   (helmet restricted)
rElec   .          Harm     .   (no cloak)
rCorr   .          Rampage  .   o - +0 pair of gloves
Will    .....                   (boots unavailable)
Stlth   ++........              (no amulet)
HPRegen 0.10/turn               (no ring)
MPRegen 0.12/turn               (no ring)

@: flying quickly and evasively, lightly drained, quick
A: beak, talons 3, nimble flight
a: no special abilities


You were on level 4 of the Dungeon.
You visited 1 branch of the dungeon, and saw 4 of its levels.

You collected 47 gold pieces.

Inventory:

Hand Weapons
 f - a +0 dagger
 r - a +2 dagger of venom (weapon)
Missiles
 c - 19 poisoned darts
 g - 69 stones
Armour
 a - a +0 robe (worn)
 o - a +0 pair of gloves (worn)
Jewellery
 j - an amulet of regeneration
Scrolls
 d - a scroll of summoning {unknown}
 e - 2 scrolls of identify {unknown}
 h - 2 scrolls of fear {unknown}
 k - a scroll of holy word {unknown}
 q - a scroll of magic mapping {unknown}
Potions
 b - 2 potions of curing {unknown}
 i - a potion of attraction {unknown}
 l - a potion of cancellation {unknown}
 m - a potion of lignification {unknown}
 n - a potion of brilliance {unknown}
 p - a potion of might {unknown}


   Skills:
 - Level 3.0 Fighting
 + Level 2.9 Dodging
 + Level 2.7 Stealth
 - Level 3.0 Spellcasting
 - Level 3.0 Conjurations
 + Level 4.6 Air Magic


You had 3 spell levels left.
You knew the following spells:

 Your Spells              Type           Power      Damage    Failure   Level
a - Shock                 Conj/Air       64%        1d7       3%          1
b - Static Discharge      Conj/Air       16%        N/A       5%          2
c - Airstrike             Air            9%         N/A       24%         4

Your spell library contained the following spells:

 Spells                   Type           Power      Damage    Failure   Level
 Magic Dart               Conj           52%        1d5       4%          1
 Searing Ray              Conj           26%        2d5       7%          2
 Swiftness                Air            19%        N/A       8%          3
 Fulminant Prism          Conj/Hex       4%         3d6       65%         4


Dungeon Overview and Level Annotations

Branches:
Dungeon (4/15)
 Temple: D:4-7

Altars:
Trog

Shops:
D:2 [


Innate Abilities, Weirdness & Mutations

You have a beak for a mouth.
You have claws for feet.
Your magical nature lets you fly swiftly and evasively.


Message History

There is a stone staircase leading up, spattered with blood here.
You fly upwards.
There is a stone staircase leading down here.
Unknown command.
Items here: )) [ รท.
r - a +2 dagger of venom Your +2 dagger of venom begins to drip with poison!
r - a +2 dagger of venom (weapon)
There is a stone staircase leading down here.
You fly downwards.
There is a stone staircase leading up, spattered with blood here.
Unknown command.
There is a stone staircase leading up, spattered with blood here.
You start waiting.
A wight is nearby!
The zap hits the wight.
The wight is lightly damaged.
Unknown command.
Casting: Shock (safe; 3% risk of failure)
Confirm with . or Enter, or press ? or * to list all spells.
The wight is struck by an arc of lightning.
The wight is lightly damaged.
You are struck by an arc of lightning.
The lightning grounds out.
The wight hits you with a +2 scimitar of freezing!
The wight freezes you.
Casting: Static Discharge (safe; 5% risk of failure)
Confirm with . or Enter, or press ? or * to list all spells.
The wight is struck by an arc of lightning!
The wight is heavily damaged.
The lightning grounds out.
The wight hits you with a +2 scimitar of freezing!
* * * LOW HITPOINT WARNING * * *
You feel drained.
* * * LOW HITPOINT WARNING * * *
The wight freezes you.
* * * LOW HITPOINT WARNING * * *
Unknown command.
Unknown command.
The wight hits you with a +2 scimitar of freezing!
You die...

.....##..##
#.......##
##.##....##
.#
##....###...#
#.#.......#
##.#.[###...#
#....<## ^#
#..##z.# #..
##@### .#
....
#...###...#
#.#.#
###.......#
.z..
#####.....
.z.? ... .


You could see a wight.

Vanquished Creatures
  An iguana (D:3)
  2 orc wizards (D:3)
  4 adders
  2 worms
  12 orcs
  6 ball pythons
  3 endoplasms
  3 giant cockroaches
  5 hobgoblins
  4 jackals
  4 quokkas
  9 bats
  5 frilled lizards
  6 goblins
  9 kobolds
  5 rats
80 creatures vanquished.

Notes
Turn   | Place    | Note
-------+----------+-------------------------------------------
     0 | D:1      | quinnr the Tengu Air Elementalist began the quest for the
                  | Orb.
     0 | D:1      | Reached XP level 1. HP: 10/10 MP: 4/4
   136 | D:1      | Reached XP level 2. HP: 16/16 MP: 3/6
  1216 | D:1      | Reached skill level 1 in Fighting
  1320 | D:1      | Reached XP level 3. HP: 19/20 MP: 2/7
  1796 | D:2      | Found Xuyll's Antique Armour Shop.
  1974 | D:2      | Found a bloodstained altar of Trog.
  2033 | D:2      | Reached XP level 4. HP: 25/25 MP: 5/9
  2781 | D:3      | Found a faded altar of an unknown god.
  3529 | D:3      | Gained mutation: Your magical nature lets you fly swiftly
                  | and evasively. [Tengu growth]
  3529 | D:3      | Reached XP level 5. HP: 32/32 MP: 7/10
  4403 | D:3      | Learned a level 2 spell: Static Discharge
  4408 | D:3      | Learned a level 4 spell: Airstrike
  4422 | D:3      | HP: 3/32 [poisoned by an orc wizard]
  4732 | D:4      | HP: 2/31 [wight (5)]
  4734 | D:4      | Mangled by a wight

Illustrated notes

Levels and vault maps discovered:
D:1:      tarquinn_simple_flora_water_d, layout_basic, minmay_bisected
D:2:      cheibrodos_helix_gallery, layout_loops_ring, serial_shops, shop,
          basic_altar, chequers_serial_rivers_micro_e
D:3:      layout_loops_ring, chequers_ecumenical_altar_simple_redux,
          chequers_mini_garden
D:4:      layout_rooms, elyvilon_altar_1, corexii_corridor_pit

Skill      XL: |  1  2  3  4 |
---------------+-------------+-----
Conjurations   | 2 3 |  3.0
Fighting       | 1 3 |  3.0
Spellcasting   | 3 |  3.0
Dodging        | |  2.9
Stealth        | |  2.7
Air Magic      | |  4.6

Action                   |  1- 3 |  4- 6 || total
-------------------------+-------+-------++-------
Melee: Unarmed           |     2 |       ||     2
       Kick              |     1 |       ||     1
 Cast: Shock             |    85 |    99 ||   184
       Static Discharge  |       |     7 ||     7
Armor: Robe              |     4 |     6 ||    10
Dodge: Dodged            |    20 |    22 ||    42

Table legend: (Time is in decaauts)
 A = Elapsed time spent in this place.
 B = Non-inter-level travel time spent in this place.
 C = Inter-level travel time spent in this place.
 D = Time resting spent in this place.
 E = Time spent auto-exploring this place.
 F = Levels seen in this place.
 G = Mean time per level.
                   A        B        C        D        E       F      G
               +--------+--------+--------+--------+--------+-----+--------+
         Total |   4730 |   4634 |     96 |    998 |   3104 |   4 | 1182.5 |
       Dungeon |   4730 |   4634 |     96 |    998 |   3104 |   4 | 1182.5 |
               +--------+--------+--------+--------+--------+-----+--------+

Top non-repeatable levels by time:
     D:3: 2187 daAuts
     D:1: 1386 daAuts
     D:2: 994 daAuts
     D:4: 162 daAuts
